 Dungeon Crawl Stone Soup version 0.30-a0-377-g5cb311bc9f (webtiles) character file.

Game seed: 16782871045587803968

2619 funkygono the Thaumaturge (level 9, -10/58 HPs)
             Began as a Demonspawn Fire Elementalist on Nov 27, 2022.
             Was a Follower of Vehumet.
             Mangled by a skeletal warrior
             ... wielding a +0 hand axe
              (16 damage)
             ... on level 8 of the Dungeon.
             The game lasted 00:13:57 (8663 turns).

funkygono the Thaumaturge (DsFE)                    Turns: 8663, Time: 00:13:58

Health: -10/58     AC: 13    Str: 15    XL:     9   Next: 34%
Magic:  4/21       EV: 13    Int: 21    God:    Vehumet [*.....]
Gold:   421        SH:  0    Dex: 13    Spells: 13/24 levels left

rFire   . . .      SeeInvis .    e - +4 dagger (venom)
rCold   . . .      Faith    .    (no shield)
rNeg    . . .      Spirit   .    J - +0 steam dragon scales
rPois   .          Reflect  .    s - +2 hat
rElec   +          Harm     .    d - +1 cloak
rCorr   .          Rampage  .    (no gloves)
Will    +....                    (no boots)
Stlth   ++........               (no amulet)
HPRegen 0.29/turn                c - +6 ring of strength
MPRegen 0.17/turn                E - ring of willpower

@: no status effects
A: horns 2, thin metallic scales 3, icemail 1, condensation shield
a: Renounce Religion


You were on level 8 of the Dungeon.
You worshipped Vehumet.
Vehumet was aware of your devotion.
You visited 2 branches of the dungeon, and saw 9 of its levels.
You also visited: Sewer.

You collected 421 gold pieces.

Inventory:

Hand Weapons
 e - a +4 dagger of venom (weapon)
 l - a +0 long sword of venom
 I - a +2 flail of protection
Missiles
 k - 2 throwing nets
Armour
 a - a +0 robe
 d - a +1 cloak (worn)
 o - a +4 chain mail
 s - a +2 hat (worn)
 x - the +2 robe of Shadows and Fog {Harm +Inv rCorr Dex-2}
   (You found it on level 3 of the Dungeon)

   Dex:       It affects your dexterity (-2).
   +Inv:      It lets you turn invisible.
   rCorr:     It protects you from acid and corrosion.
   Harm:      It increases damage dealt and taken.
 C - a +1 hat
 J - +0 steam dragon scales (worn)
Jewellery
 c - a +6 ring of strength (left hand)
 E - a ring of willpower (right hand)
Wands
 q - a wand of paralysis (10)
 v - a wand of roots (7)
 w - a wand of mindburst (6)
 D - a wand of polymorph (7)
 G - a wand of flame (8)
Scrolls
 h - a scroll of vulnerability
 i - 6 scrolls of teleportation
 j - a scroll of enchant weapon
 m - 3 scrolls of amnesia
 n - 3 scrolls of fear
 y - 2 scrolls of summoning
Potions
 b - 2 potions of magic
 f - 3 potions of haste
 g - 5 potions of curing
 p - 2 potions of might
 r - 2 potions of flight
 u - a potion of cancellation
 z - a potion of invisibility
 A - a potion of lignification {unknown}
 B - a potion of degeneration {unknown}
 F - a potion of attraction {unknown}
 H - a potion of heal wounds {unknown}


   Skills:
 + Level 0.7 Fighting
 + Level 0.1 Short Blades
 + Level 3.2 Dodging
 - Level 1.7 Stealth
 + Level 1.1 Shields
 + Level 8.0 Spellcasting
 + Level 4.4 Conjurations
 + Level 7.5 Fire Magic


You had 13 spell levels left.
You knew the following spells:

 Your Spells              Type           Power      Damage    Failure   Level
a - Foxfire               Conj/Fire      100%       2x1d9     1%          1
b - Scorch                Fire           80%        2d9       1%          2
c - Kindle Blastsparks    Fire/Tloc/Air  38%        2d13      9%          3
d - Flame Wave            Conj/Fire      33%        2d10      7%          4
e - Magic Dart            Conj           100%       1d8       1%          1

Your spell library contained the following spells:

 Spells                   Type           Power      Damage    Failure   Level
 Inner Flame              Hex/Fire       24%        N/A       4%          3
 Freeze                   Ice            32%        1d5       8%          1
 Hailstorm                Conj/Ice       17%        3d6       10%         3
 Frozen Ramparts          Ice            16%        1d3       24%         3


Dungeon Overview and Level Annotations

Branches:
Dungeon (8/15)             Temple (1/1) D:4           Sewer (visited)
   Lair: D:8-11

Altars:
Ashenzari
Cheibriados
Dithmenos
Fedhas
Gozag
Hepliaklqana
Kikubaaqudgha
Makhleb
Nemelex Xobeh
Okawaru
Qazlal
Ru
Sif Muna
Trog
Uskayaw
Vehumet
Wu Jian
Xom
Yredelemnul

Annotations:
D:5 2 transporters
D:8 3 runed translucent doors, dweek's ghost, novice TrFi


Innate Abilities, Weirdness & Mutations

You have a pair of horns on your head.
You are completely covered in thin metallic scales. (AC +4, rElec)
A meltable icy envelope protects you from harm. (AC +0)
A meltable shield of frost defends you. (SH +0)


Message History

A wave of flame ripples out!
The flame wave engulfs the skeletal warrior!
The skeletal warrior is burned terribly!
The skeletal warrior is lightly damaged.
The flame wave engulfs the skeletal warrior.
The skeletal warrior is heavily damaged.
The skeletal warrior hits you with a +0 hand axe.
The skeletal warrior hits you with a +0 battleaxe!
Unknown command.
A wave of flame ripples out!
The flame wave engulfs the skeletal warrior.
The skeletal warrior is burned terribly!
The skeletal warrior is moderately damaged.
The flame wave engulfs the skeletal warrior!
The skeletal warrior is severely damaged.
You finish channelling waves of flame.
The skeletal warrior is no longer more vulnerable to fire.
The skeletal warrior hits you with a +0 hand axe!
The skeletal warrior hits you with a +0 battleaxe!!
* * * LOW HITPOINT WARNING * * *
Casting: Flame Wave (dangerous; 7% risk of failure)
Confirm with . or Enter, or press ? or * to list all spells.
Casting: Flame Wave (dangerous; 7% risk of failure)
Press: ? - help, Dir - look around, f - activate A wave of flame ripples out!
The flame wave engulfs the skeletal warrior but does no damage.
The skeletal warrior is moderately damaged.
The flame wave engulfs the skeletal warrior.
The skeletal warrior is severely damaged. (Press . to intensify the flame waves.)
The skeletal warrior hits you but does no damage.
The skeletal warrior hits you with a +0 battleaxe!
* * * LOW HITPOINT WARNING * * *
A wave of flame ripples out!
The flame wave engulfs the skeletal warrior.
The skeletal warrior is moderately damaged.
The flame wave engulfs the skeletal warrior!
The skeletal warrior is almost destroyed.
The skeletal warrior hits you with a +0 hand axe!
You die...

.# ######### z#
###########........ !#
#.................. .#
#.#########........ .# #.#
#........... ###z# #.####
#.##........ #...# #....#
#.##)....... ##.######z...#
#.##........ #........z@.(#
#.##....<...
##########...###.##........
#.....'...'...##........
#.#####...######........
#.# #...######........ #.#
#................. #.#
#....#####........
#.#####....# #.†......
#.....#....# #........


You could see 2 skeletal warriors.

Vanquished Creatures
  3 yaks (D:7)
  A steam dragon (D:8)
  A water moccasin (D:6)
  A sky beast (D:7)
  An ogre (D:5)
  A centaur (D:8)
  A phantom (D:5)
  A kobold brigand (Sewer)
  2 necrophages (D:5)
  4 scorpions
  10 killer bees
  A jelly (D:6)
  A howler monkey (D:6)
  5 hounds
  An orc priest (D:3)
  6 iguanas
  2 orc wizards
  12 adders
  3 river rats
  2 shadow imps
  6 white imps
  2 dart slugs
  9 orcs
  10 bats
  6 endoplasms
  6 giant cockroaches
  7 goblins
  7 hobgoblins
  8 jackals
  4 quokkas
  4 ball pythons
  5 frilled lizards
  8 kobolds
  9 rats
150 creatures vanquished.

Vanquished Creatures (others)
  430 foxfires
  3 plants (D:8)
433 creatures vanquished.

Grand Total: 583 creatures vanquished

Notes
Turn   | Place    | Note
-------+----------+-------------------------------------------
     0 | D:1      | funkygono the Demonspawn Fire Elementalist began the quest
                  | for the Orb.
     0 | D:1      | Reached XP level 1. HP: 13/13 MP: 3/3
   292 | D:1      | Gained mutation: A meltable shield of frost defends you.
                  | (SH +0) [demonic ancestry]
   292 | D:1      | Reached XP level 2. HP: 14/19 MP: 0/5
   457 | D:1      | Learned a level 2 spell: Scorch
  1419 | D:1      | Reached XP level 3. HP: 24/24 MP: 2/6
  1460 | D:1      | Learned a level 3 spell: Kindle Blastsparks
  2833 | D:2      | Reached skill level 3 in Spellcasting
  2899 | D:3      | Gained mutation: You have a pair of small horns on your
                  | head. [demonic ancestry]
  2899 | D:3      | Reached XP level 4. HP: 30/30 MP: 4/8
  3119 | D:3      | Found a glowing drain.
  3224 | Sewer    | Entered a sewer
  3341 | Sewer    | Noticed a kobold brigand
  3346 | Sewer    | Killed a kobold brigand
  3347 | Sewer    | Gained mutation: You are partially covered in thin metallic
                  | scales. (AC +2) [demonic ancestry]
  3347 | Sewer    | Reached XP level 5. HP: 35/35 MP: 0/10
  3680 | D:3      | Learned a level 4 spell: Flame Wave
  3753 | D:3      | Found a broken altar of Ashenzari.
  3753 | D:3      | Found an ancient bone altar of Kikubaaqudgha.
  3754 | D:3      | Found a bloodstained altar of Trog.
  3910 | D:3      | Identified the +2 robe of Shadows and Fog {Harm +Inv rCorr
                  | Dex-2}
  3971 | D:3      | Found a faded altar of an unknown god.
  4241 | D:4      | Reached skill level 4 in Spellcasting
  4330 | D:4      | Gained mutation: A meltable icy envelope protects you from
                  | harm. (AC +0) [demonic ancestry]
  4330 | D:4      | Reached XP level 6. HP: 42/42 MP: 7/12
  4560 | D:4      | Found a staircase to the Ecumenical Temple.
  4575 | Temple   | Entered the Ecumenical Temple
  4742 | Temple   | Became a worshipper of Vehumet
  4880 | D:4      | Found a shimmering blue altar of Sif Muna.
  5458 | D:5      | Entered Level 5 of the Dungeon
  5458 | D:5      | Noticed a hornet
  5459 | D:5      | Noticed a two-headed ogre
  5465 | D:5      | Noticed a troll
  5529 | D:5      | Found an iron altar of Okawaru.
  5529 | D:5      | Found a transporter.
  5545 | D:5      | Gained mutation: You are mostly covered in thin metallic
                  | scales. (AC +3) [demonic ancestry]
  5545 | D:5      | Reached XP level 7. HP: 44/47 MP: 3/13
  5823 | D:5      | Reached skill level 5 in Spellcasting
  5823 | D:5      | Reached skill level 5 in Fire Magic
  6096 | D:5      | Found a transporter.
  6534 | D:6      | Gained mutation: You have a pair of horns on your head.
                  | [demonic ancestry]
  6534 | D:6      | Reached XP level 8. HP: 53/53 MP: 10/16
  6597 | D:6      | Reached skill level 6 in Spellcasting
  6660 | D:6      | Reached * piety under Vehumet
  6660 | D:6      | Offered knowledge of Magic Dart by Vehumet.
  7342 | D:6      | Learned a level 1 spell: Magic Dart
  7599 | D:7      | Reached skill level 7 in Spellcasting
  7981 | D:7      | Gained mutation: You are completely covered in thin
                  | metallic scales. (AC +4, rElec) [demonic ancestry]
  7981 | D:7      | Reached XP level 9. HP: 49/58 MP: 4/20
  8158 | D:8      | Found a snail-covered altar of Cheibriados.
  8387 | D:8      | Reached skill level 1 in Shields
  8417 | D:8      | Reached skill level 8 in Spellcasting
  8565 | D:8      | Found a runed translucent gate.
  8565 | D:8      | Found a runed translucent gate.
  8565 | D:8      | Found a runed translucent gate.
  8566 | D:8      | Noticed a nine-headed hydra
  8567 | D:8      | Noticed dweek's ghost (novice TrFi)
  8645 | D:8      | Noticed a skeletal warrior
  8645 | D:8      | Noticed a skeletal warrior
  8663 | D:8      | Mangled by a skeletal warrior

Illustrated notes

Levels and vault maps discovered:
D:1:      onia_arrival_mini_maze, layout_basic
D:2:      layout_basic, amcnicky_mini_corridor_feature, minivault_5,
          hex_intersection, st_stairs_14, kennysheep_generic_room_8
D:3:      layout_basic, chequers_temple_overflow_statue_of_worship,
          gup_sewer_entry_bowl, hellmonk_ecumenical_altar_lost_god,
          hangedman_decor_riveting
D:4:      layout_cave_pools, amcnicky_altar_gilded, minmay_temple_entry_glass
D:5:      layout_rooms, gammafunk_temple_overflow_arena
D:6:      layout_basic
D:7:      layout_loops_ring
D:8:      layout_basic, grunt_temple_overflow_diamond,
          gammafunk_ghost_hydra_chop
Temple:   minmay_temple_curvy_branch

Skill      XL: |  1  2  3  4  5  6  7  8  9 |
---------------+----------------------------+-----
Fire Magic     | 3 4 5 7 |  7.5
Dodging        | 2 3 |  3.2
Spellcasting   | 3 4 5 7 8 |  8.0
Conjurations   | 2 3 4 |  4.4
Shields        | 1 |  1.1
Fighting       | |  0.7
Short Blades   | |  0.1
Stealth        | |  1.7

Action                   |  1- 3 |  4- 6 |  7- 9 || total
-------------------------+-------+-------+-------++-------
Melee: Dagger            |     1 |    19 |     4 ||    24
       Headbutt          |       |     2 |     1 ||     3
 Cast: Foxfire           |    73 |    92 |    82 ||   247
       Scorch            |     8 |    16 |    37 ||    61
       Flame Wave        |       |       |     5 ||     5
       Kindle Blastspark |       |       |     2 ||     2
  Use: Scroll            |       |    13 |     5 ||    18
Armor: Robe              |     9 |     4 |    10 ||    23
       Steam dragon scal |       |       |     1 ||     1
Dodge: Dodged            |    27 |    17 |    20 ||    64
Block: Other             |     4 |     6 |     6 ||    16

Table legend: (Time is in decaauts)
 A = Elapsed time spent in this place.
 B = Non-inter-level travel time spent in this place.
 C = Inter-level travel time spent in this place.
 D = Time resting spent in this place.
 E = Time spent auto-exploring this place.
 F = Levels seen in this place.
 G = Mean time per level.
                   A        B        C        D        E       F      G
               +--------+--------+--------+--------+--------+-----+--------+
         Total |   8694 |   8353 |    341 |    155 |   7071 |  10 |  869.4 |
       Dungeon |   8142 |   7806 |    336 |    155 |   6576 |   8 | 1017.8 |
        Temple |    262 |    257 |      5 |      0 |    251 |   1 |  262.0 |
         Sewer |    289 |    289 |      0 |      0 |    243 |   1 |  289.0 |
               +--------+--------+--------+--------+--------+-----+--------+

Top non-repeatable levels by time:
     D:1: 1513 daAuts
     D:2: 1308 daAuts
     D:3: 1110 daAuts
     D:6: 1063 daAuts
     D:4: 1007 daAuts
     D:5: 846 daAuts
     D:7: 778 daAuts
     D:8: 514 daAuts
   Sewer: 289 daAuts
  Temple: 262 daAuts
